 Dungeon Crawl Stone Soup version 0.30-a0-457-g4b7bca3bfa (webtiles) character file.

Game seed: 7613357058085263562

1112 qeuew the Chopper (level 8, 0/70 HPs)
             Began as a Hill Orc Fighter on Dec 12, 2022.
             Was an Initiate of Gozag.
             Slain by a vampire (5 damage)
             ... on level 5 of the Dungeon.
             The game lasted 00:04:30 (4023 turns).

qeuew the Chopper (Hill Orc Fighter)                Turns: 4023, Time: 00:04:33

Health: 0/70       AC:  7    Str: 21    XL:     8   Next: 33%
Magic:  8/8        EV: 11    Int:  8    God:    Gozag
Gold:   539        SH:  6    Dex: 22    Spells: 7/7 levels left

rFire   . . .      SeeInvis .    a - +0 war axe
rCold   . . .      Faith    .    c - +0 buckler
rNeg    . . .      Spirit   .    b - +0 scale mail
rPois   .          Reflect  .    (no helmet)
rElec   .          Harm     .    (no cloak)
rCorr   .          Rampage  .    (no gloves)
Will    .....                    (no boots)
Stlth   ..........               (no amulet)
HPRegen 0.31/turn                e - +6 ring of dexterity
MPRegen 0.11/turn                f - +6 ring of dexterity

@: no status effects
A: no striking features
a: Renounce Religion, Potion Petition, Call Merchant, Bribe Branch


You were on level 5 of the Dungeon.
You worshipped Gozag.
Gozag was pleased with you.
You visited 1 branch of the dungeon, and saw 5 of its levels.

You collected 592 gold pieces.
You paid 53 gold pieces to Gozag.

Inventory:

Hand Weapons
 a - a +0 war axe (weapon)
Armour
 b - a +0 scale mail (worn)
 c - a +0 buckler (worn)
Jewellery
 e - a +6 ring of dexterity (left hand)
 f - a +6 ring of dexterity (right hand)
Wands
 d - a wand of digging (4)
 p - a wand of flame (12)
Scrolls
 i - 2 scrolls of fear
 l - a scroll of butterflies
 m - a scroll of teleportation
 q - a scroll of enchant armour
 r - a scroll of vulnerability {unknown}
Potions
 g - 2 potions of lignification {unknown}
 h - a potion of invisibility
 j - a potion of curing
 k - a potion of flight
 n - 3 potions of heal wounds
 o - a potion of ambrosia


   Skills:
 + Level 6.2 Fighting
 + Level 6.2 Axes
 + Level 5.6 Armour
 + Level 3.3 Dodging
 + Level 5.7 Shields


You had 7 spell levels left.
You didn't know any spells.
Your spell library contained the following spells:

 Spells                   Type           Power      Damage    Failure   Level
 Sandblast                Erth           0%         2d4       80%         1
 Passwall                 Tmut/Erth      0%         N/A       91%         2
 Gell's Gravitas          Tloc           0%         N/A       99%         3
 Lesser Beckoning         Tloc           0%         N/A       99%         3
 Stone Arrow              Conj/Erth      0%         3d7       99%         3
 Teleport Other           Tloc           0%         N/A       99%         3
 Dispersal                Tloc           0%         N/A       100%        6


Dungeon Overview and Level Annotations

Branches:
Dungeon (5/15)             Temple (0/1) D:4

Altars:
Fedhas
Gozag

Annotations:
D:4 3 runed translucent doors, tangygnat's ghost, amateur GrFi


Message History

You slash the hound!
You kill the hound!
No target in view!
No target in view!
No target in view!
No target in view!
No target in view!
No target in view!
No target in view!
No target in view!
No target in view!
No target in view!
No target in view!
Unknown command.
You closely miss something. Something hits you. Something bites you!
Something draws strength from your injuries!
Something hits you but does no damage. Something bites you.
Something draws strength from your injuries!
Unknown command.
Okay, then.
You closely miss something. Something hits you but does no damage.
Something bites you but does no damage.
Unknown command.
You barely miss something. Something hits you but does no damage.
Something bites you.
Something draws strength from your injuries!
You barely miss something. Something hits you! Something bites you!
Something draws strength from your injuries!
You barely miss something. Something hits you but does no damage.
Something bites you!
* * * LOW HITPOINT WARNING * * *
Something draws strength from your injuries!
You barely miss something. Something hits you!
* * * LOW HITPOINT WARNING * * *
Something bites you!
* * * LOW HITPOINT WARNING * * *
Something draws strength from your injuries!
Something hits you.
You die...
Your body crumbles into a pile of gold.

# $ #.
#.######
#......#
#.#.##.#
# #.##@#
#.##{# #
#.##.# .
#.##.#
#.#)##.#
#.#.#:.#
#.#.##.#
#...##.#
##..#


There were no monsters in sight!

Vanquished Creatures
  Sigmund (D:4)
  Menkaure (D:4)
  3 ogres
  A scorpion (D:5)
  4 hounds
  A jelly (D:4)
  4 orc priests
  2 orc wizards (D:4)
  An iguana (D:5)
  7 adders
  6 worms
  16 orcs
  7 bats
  12 endoplasms
  A giant cockroach (D:4)
  2 goblins
  8 hobgoblins
  A jackal (D:4)
  3 quokkas
  7 ball pythons
  3 frilled lizards
  11 kobolds
  5 rats
107 creatures vanquished.

Vanquished Creatures (others)
  3 plants (D:1)
3 creatures vanquished.

Grand Total: 110 creatures vanquished

Notes
Turn   | Place    | Note
-------+----------+-------------------------------------------
     0 | D:1      | qeuew the Hill Orc Fighter began the quest for the Orb.
     0 | D:1      | Reached XP level 1. HP: 19/19 MP: 1/1
   154 | D:1      | Reached XP level 2. HP: 24/27 MP: 2/2
   437 | D:1      | Reached XP level 3. HP: 30/33 MP: 3/3
   845 | D:2      | Reached skill level 1 in Dodging
   845 | D:2      | Reached XP level 4. HP: 24/40 MP: 4/4
  1503 | D:2      | Reached XP level 5. HP: 47/47 MP: 5/5
  1966 | D:3      | Found an opulent altar of Gozag.
  1984 | D:3      | Became a worshipper of Gozag Ym Sagoz the Greedy
  2155 | D:3      | Reached XP level 6. HP: 53/53 MP: 6/6
  2568 | D:4      | Reached skill level 5 in Fighting
  2568 | D:4      | Reached XP level 7. HP: 8/61 MP: 7/7
  2787 | D:4      | Found a runed translucent gate.
  2787 | D:4      | Found a runed translucent gate.
  2791 | D:4      | Found a runed translucent gate.
  2794 | D:4      | Noticed tangygnat's ghost (amateur GrFi)
  2798 | D:4      | Noticed Menkaure
  2798 | D:4      | Noticed Sigmund
  2806 | D:4      | Killed Sigmund
  2807 | D:4      | Reached skill level 5 in Axes
  2807 | D:4      | Reached skill level 5 in Armour
  2807 | D:4      | Reached skill level 5 in Shields
  2809 | D:4      | Killed Menkaure
  3078 | D:4      | Found a staircase to the Ecumenical Temple.
  3168 | D:4      | Reached XP level 8. HP: 27/70 MP: 8/8
  3495 | D:4      | Found a blossoming altar of Fedhas.
  3602 | D:5      | Entered Level 5 of the Dungeon
  4009 | D:5      | Noticed a vampire
  4023 | D:5      | Slain by a vampire

Illustrated notes

Levels and vault maps discovered:
D:1:      noname_arrival_rooms_in_the_neighbourhood, layout_basic,
          chequers_big_river
D:2:      layout_loops_cross, kennysheep_cross_bottleneck,
          kennysheep_another_room
D:3:      layout_rooms, mainiacjoe_overflow_small_starburst
D:4:      layout_rooms, fedhas_altar_fruit_tree, minmay_temple_entry_large_hall,
          gammafunk_ghost_necromancy, minmay_starry_boxes, uniq_menkaure,
          uniq_sigmund
D:5:      layout_basic, minmay_manual_monolith, uniq_grinder

Skill      XL: |  1  2  3  4  5  6  7  8 |
---------------+-------------------------+-----
Axes           | 3 4 5 6 |  6.2
Fighting       | 4 5 6 |  6.2
Dodging        | 1 2 3 |  3.3
Armour         | 4 5 |  5.6
Shields        | 4 5 |  5.7

Action                   |  1- 3 |  4- 6 |  7- 9 || total
-------------------------+-------+-------+-------++-------
Melee: War axe           |    72 |   135 |    74 ||   281
  Use: Potion            |     2 |       |     1 ||     3
       Scroll            |     1 |     6 |     3 ||    10
 Stab: Invisible         |     1 |       |       ||     1
       Distracted        |       |       |     1 ||     1
Armor: Scale mail        |    22 |    44 |    38 ||   104
Dodge: Dodged            |    34 |    63 |    26 ||   123
Block: Buckler           |    15 |    31 |    13 ||    59

Table legend: (Time is in decaauts)
 A = Elapsed time spent in this place.
 B = Non-inter-level travel time spent in this place.
 C = Inter-level travel time spent in this place.
 D = Time resting spent in this place.
 E = Time spent auto-exploring this place.
 F = Levels seen in this place.
 G = Mean time per level.
                   A        B        C        D        E       F      G
               +--------+--------+--------+--------+--------+-----+--------+
         Total |   4125 |   3984 |    141 |      0 |   3312 |   5 |  825.0 |
       Dungeon |   4125 |   3984 |    141 |      0 |   3312 |   5 |  825.0 |
               +--------+--------+--------+--------+--------+-----+--------+

Top non-repeatable levels by time:
     D:4: 1129 daAuts
     D:3: 908 daAuts
     D:2: 887 daAuts
     D:1: 771 daAuts
     D:5: 427 daAuts
